 Dungeon Crawl Stone Soup version 0.31.0-12-g77e489cdc1 (webtiles) character file.

Game seed: 18215728027653029250

1716 Gadfly the Trooper (level 9, -5/85 (93) HPs)
             Began as an Oni Berserker on Mar 2, 2024.
             Was an Elder of Trog.
             Slain by a wight
             ... wielding a +4 battleaxe
              (6 damage)
             ... on level 7 of the Dungeon.
             The game lasted 00:07:20 (4795 turns).

Gadfly the Trooper (Oni Berserker)                  Turns: 4795, Time: 00:07:21

HP:   -5/85 (93)    AC:  9    Str: 25    XL:     9   Next: 4%
MP:   9/9           EV: 10    Int:  8    God:    Trog [****..]
Gold: 199           SH:  0    Dex: 10    Spells: 8/8 levels left

rFire   . . .        b - +2 quarterstaff (chaos)
rCold   . . .        (shield currently unavailable)
rNeg    . . .        p - +0 steam dragon scales
rPois   .            (helmet restricted)
rElec   .            t - +1 cloak
rCorr   .            (gloves unavailable)
SInv    .            (boots unavailable)
Will    .....        (no amulet)
Stlth   +            g - ring of flight
HPRegen 0.34/turn    (no ring)
MPRegen 0.11/turn

%: no passive effects
@: flying, drained
A: large, unfitting armour, horns 1, tough skin 1, double potion healing,
drunken brawling
a: Renounce Religion, Berserk, Trog's Hand, Brothers in Arms


You were on level 7 of the Dungeon.
You worshipped Trog.
Trog was greatly pleased with you.
You visited 1 branch of the dungeon, and saw 9 of its levels.

You collected 265 gold pieces.
You spent 66 gold pieces at shops.

Inventory:

Hand Weapons
 a - a +0 flail
 b - a +2 quarterstaff of chaos (weapon)
 n - a +1 dagger of venom
Armour
 p - +0 steam dragon scales (worn)
 t - a +1 cloak (worn)
Jewellery
 g - a ring of flight (left hand)
Wands
 l - a wand of iceblast (8) (quivered)
 m - a wand of flame (11)
Scrolls
 c - a scroll of revelation
 d - a scroll of fear
 j - a scroll of poison
 o - a scroll of teleportation
Potions
 e - a potion of enlightenment
 f - 2 potions of heal wounds
 h - a potion of attraction
 k - a potion of might
 r - a potion of invisibility {unknown}


   Skills:
 + Level 7.0 Fighting
 * Level 6.7 Maces & Flails
 * Level 5.2 Armour
 - Level 2.6 Dodging
 * Level 4.7 Evocations


You had 8 spell levels left.
You didn't know any spells.
Your spell library was empty.

Dungeon Overview and Level Annotations

Branches:
Dungeon (9/15)
 Temple: D:4-7         Lair: D:8-11         Orc: D:9-12

Altars:
Cheibriados

Shops:
D:2 ?

Portals:
Abyss: D:4

Annotations:
D:4 2 transporters, spaghetti's ghost, amateur OnCK


Innate Abilities, Weirdness & Mutations

You are too large for most types of armour.
You have a pair of small horns on your head.
You have tough skin. (AC +1)
You gain doubled healing and magic from potions.
Whenever you drink a healing potion, you attack all around you.


Message History

You are too injured to fight recklessly!
You are too injured to fight recklessly!
You are too injured to fight recklessly!
You are too injured to fight recklessly!
You are too injured to fight recklessly!
You are too injured to fight recklessly!
You are too injured to fight recklessly!
You are too injured to fight recklessly!
You are too injured to fight recklessly!
You are too injured to fight recklessly!
You are too injured to fight recklessly!
You are too injured to fight recklessly!
You are too injured to fight recklessly!
You are too injured to fight recklessly!
You are too injured to fight recklessly!
Unknown command.
The wight attacks as it pursues you! The wight barely misses you.
You hit the wight.
The wight is moving more slowly.
You headbutt the wight, but do no damage.
The wight is moderately damaged.
The wight hits you with a +4 dagger.
You strike the helpless wight from behind!
You hit the wight.
The wight is moderately damaged.
You hit the wight. You burn the wight.
The wight is moderately damaged.
The wight hits you with a +4 battleaxe!
* * * LOW HITPOINT WARNING * * *
You feel drained.
* * * LOW HITPOINT WARNING * * *
The wight hits you with a +4 dagger.
* * * LOW HITPOINT WARNING * * *
You feel drained.
* * * LOW HITPOINT WARNING * * *
The wight stops moving altogether!
The wight attacks as it pursues you! The wight closely misses you.
The wight attacks as it pursues you! The wight hits you with a +4 battleaxe!
* * * LOW HITPOINT WARNING * * *
You feel drained.
You die...

.....#..# ####.#.## #######
####.#.# ....... ...#.#.#
....... ##.#.#.# .......
...#.#.# .?.....
####.#.##### .......
...........#########.......
................@z.†)......
##########).......z#.......
# #..............########
######..##..[..#
#..###.#### #... #...#
..##.#...... #### .#.#.##.#
#.#.. #


You could see 2 wights.

Vanquished Creatures
  Maggie (D:7)
  Sigmund (D:5)
  A steam dragon (D:7)
  2 water moccasins (D:5)
  A kobold brigand (D:9)
  2 bullfrogs (D:7)
  A scorpion (D:4)
  A wight (D:7)
  A howler monkey (D:5)
  2 bombardier beetles
  3 hounds
  A gnoll bouda (D:5)
  Crazy Yiuf (D:3)
  Natasha (thrice) (D:2)
  2 iguanas
  An orc wizard (D:5)
  Terence (D:2)
  Robin (D:2)
  8 adders
  4 gnolls (D:5)
  2 ribbon worms (D:3)
  3 dart slugs
  4 orcs (D:5)
  6 endoplasms
  5 giant cockroaches
  17 goblins
  8 hobgoblins
  3 jackals (D:5)
  2 quokkas
  5 ball pythons
  A bat (D:1)
  A frilled lizard (D:2)
  12 kobolds
  6 rats
113 creatures vanquished.

Vanquished Creatures (collateral kills)
  An adder (D:5)
  A shadow imp (D:5)
2 creatures vanquished.

Vanquished Creatures (others)
  A goblin (D:2)
1 creature vanquished.

Grand Total: 116 creatures vanquished

Notes
Turn   | Place    | Note
-------+----------+-------------------------------------------
     0 | D:1      | Gadfly the Oni Berserker began the quest for the Orb.
     0 | D:1      | Reached XP level 1. HP: 24/24 MP: 1/1
   186 | D:1      | Reached XP level 2. HP: 31/32 MP: 2/2
   500 | D:1      | Found a faded altar of an unknown god.
   757 | D:2      | Noticed Robin
   761 | D:2      | Reached skill level 1 in Armour
   767 | D:2      | Reached XP level 3. HP: 39/39 MP: 3/3
   768 | D:2      | Killed Robin
   769 | D:2      | Reached skill level 1 in Evocations
   807 | D:2      | Reached ** piety under Trog
  1185 | D:2      | Found Fant's Magic Scroll Shoppe.
  1192 | D:2      | Bought a scroll of fear for 44 gold pieces
  1192 | D:2      | Bought a scroll of identify for 22 gold pieces
  1315 | D:2      | Noticed Terence
  1318 | D:2      | Reached XP level 4. HP: 48/49 MP: 4/4
  1321 | D:2      | Killed Terence
  1603 | D:2      | Noticed Natasha
  1612 | D:2      | Killed Natasha
  1615 | D:2      | Identified the +1 robe "Jump" {Regen+ MP+9}
  1640 | D:2      | Noticed Natasha
  1644 | D:2      | Killed Natasha
  1645 | D:2      | Reached XP level 5. HP: 52/55 MP: 5/5
  1648 | D:2      | Noticed Natasha
  1664 | D:2      | Killed Natasha
  2166 | D:3      | Found a runed translucent door.
  2167 | D:3      | Noticed Crazy Yiuf
  2290 | D:3      | Reached skill level 5 in Fighting
  2290 | D:3      | Reached XP level 6. HP: 64/66 MP: 6/6
  2537 | D:3      | Found a snail-covered altar of Cheibriados.
  2552 | D:3      | Reached *** piety under Trog
  2761 | D:3      | Killed Crazy Yiuf
  2918 | D:4      | Found a transporter.
  2939 | D:4      | Found a one-way gate to the infinite horrors of the Abyss.
  2973 | D:4      | Noticed spaghetti's ghost (amateur OnCK)
  3212 | D:4      | Found a transporter.
  3385 | D:4      | Reached XP level 7. HP: 61/72 MP: 7/7
  3567 | D:5      | Entered Level 5 of the Dungeon
  3661 | D:5      | Reached skill level 5 in Maces & Flails
  3712 | D:5      | Noticed Sigmund
  3724 | D:5      | Killed Sigmund
  3767 | D:5      | Reached skill level 6 in Fighting
  3767 | D:5      | Reached XP level 8. HP: 69/83 MP: 8/8
  4363 | D:6      | You are sucked into a shaft and drop 3 floors!
  4388 | D:9      | Reached **** piety under Trog
  4561 | D:7      | Noticed Maggie
  4576 | D:7      | Killed Maggie
  4577 | D:7      | Reached skill level 5 in Armour
  4780 | D:7      | Reached XP level 9. HP: 74/92 MP: 9/9
  4790 | D:7      | Reached skill level 7 in Fighting
  4795 | D:7      | HP: 1/88 [wight/+4 battleaxe (13)]
  4795 | D:7      | Slain by a wight

Illustrated notes

Levels and vault maps discovered:
D:1:      lightli_iron_boxes, layout_basic,
          hellmonk_ecumenical_altar_pennies_from_heaven
D:2:      kennysheep_the_goblin_king, layout_basic, serial_shops, shop,
          grunt_ministairs_9, dreamdust_wishing_well, uniq_robin, uniq_terence,
          uniq_natasha
D:3:      layout_rooms, cheibrodos_worm_habitat, minmay_stone_trees_large,
          uniq_crazy_yiuf_cottage
D:4:      layout_cave_pods, gammafunk_ghost_abyssal_escape
D:5:      layout_basic, uniq_sigmund
D:6:      layout_rooms
D:7:      layout_basic, minmay_temple_entry_drinking_statues,
          serial_library_hellmonk_metal_room, uniq_maggie
D:8:      layout_loops_corners, uniq_gastronok, uniq_maurice
D:9:      layout_irregular_city, grunt_lair_entry_orc_guard_hut,
          minmay_shop_enchanted_jewellery, uniq_prince_ribbit1

Skill      XL: |  1  2  3  4  5  6  7  8  9 |
---------------+----------------------------+-----
Armour         | 1 2 3 4 5 |  5.2
Evocations     | 1 2 3 4 |  4.7
Maces & Flails | 4 5 6 |  6.7
Fighting       | 5 6 7 |  7.0
Dodging        | |  2.6

Action                     |  1- 3 |  4- 6 |  7- 9 || total
---------------------------+-------+-------+-------++-------
  Melee: Mace              |    83 |     9 |       ||    92
         Headbutt          |    14 |    27 |    23 ||    64
         Punch             |     3 |       |       ||     3
         Flail             |       |    57 |       ||    57
         Dagger            |       |    36 |       ||    36
         Quarterstaff      |       |    37 |   124 ||   161
 Invoke: Berserk           |     1 |       |       ||     1
    Use: Scroll            |     4 |     2 |     6 ||    12
         Potion            |       |       |     2 ||     2
   Stab: Sleeping          |     1 |       |       ||     1
         Petrifying        |       |       |     1 ||     1
 Armour: Animal skin       |    49 |     8 |       ||    57
         Robe              |       |    91 |   110 ||   201
         Steam dragon scal |       |       |    20 ||    20
  Dodge: Dodged            |    45 |    80 |    82 ||   207
